 Dungeon Crawl Stone Soup version 0.24-a0-280-g7cec4da (webtiles) character file.

Game seed: 2419982691340357044

81 silenth the Cudgeler (level 4, -14/41 HPs)
             Began as a Minotaur Fighter on May 12, 2019.
             Demolished by an ogre
             ... wielding a +0 giant spiked club
              (16 damage)
             ... on level 3 of the Dungeon.
             The game lasted 00:02:12 (1175 turns).

silenth the Cudgeler (Minotaur Fighter)             Turns: 1175, Time: 00:02:13

Health: -14/41     AC:  9    Str: 26    XL:     4   Next: 20%
Magic:  3/3        EV:  7    Int:  5    God:
Gold:   87         SH: 10    Dex: 10    Spells: 3/3 levels left

rFire    + . .     SeeInvis .   a - +0 flail
rCold    + . .     Gourm    .   c - +0 shield
rNeg     . . .     Faith    .   b - +0 scale mail
rPois    +         Spirit   .   (helmet restricted)
rElec    +         Reflect  .   (no cloak)
rCorr    +         Harm     .   k - +1 pair of gloves
MR       .....                  (no boots)
Stlth    ..........             (no amulet)
HPRegen  0.13/turn              (no ring)
MPRegen  0.08/turn              (no ring)

@: mighty, resistant
A: retaliatory headbutt, horns 2
a: no special abilities


You were on level 3 of the Dungeon.
You were very hungry.

You visited 1 branch of the dungeon, and saw 3 of its levels.

You collected 87 gold pieces.

Inventory:

Hand Weapons
 a - a +0 flail (weapon)
Missiles
 g - 2 javelins (quivered)
Armour
 b - a +0 scale mail (worn)
 c - a +0 shield (worn)
 k - a +1 pair of gloves (worn)
Scrolls
 i - 2 scrolls of identify
 j - a scroll of teleportation {unknown}
 o - 2 scrolls of amnesia {unknown}
 q - a scroll of fog {unknown}
 r - a scroll of immolation {unknown}
Potions
 f - a potion of lignification {unknown}
 h - a potion of heal wounds
 l - a potion of resistance
 m - a potion of haste {unknown}
 n - a potion of degeneration {unknown}
Comestibles
 e - 5 rations


   Skills:
 + Level 4.5 Fighting
 * Level 4.7 Maces & Flails
 - Level 3.6 Armour
 - Level 3.6 Shields


You had 3 spell levels left.
You didn't know any spells.
Your spell library was empty.

Dungeon Overview and Level Annotations

Branches:
Dungeon (2/15)

Altars:


Innate Abilities, Weirdness & Mutations

You reflexively headbutt those who attack you in melee.
You have a pair of horns on your head.


Message History

You sock the orc!
You kill the orc!
As you read the scroll labeled EPNIEDDISUNK, it crumbles to dust.
It is a scroll of identify.
h - a potion of heal wounds;
i - 2 scrolls of identify
q - a scroll labeled OREFELUUPPE You feel very mighty all of a sudden.
Something hits you but does no damage.
You closely miss something. You block something's attack.
You are feeling very hungry.
You sock the ogre!
The ogre is heavily wounded.
The ogre hits you with a +0 giant spiked club.
* * * LOW HITPOINT WARNING * * *
Something hits you but does no damage.
You thump the ogre!
The ogre is almost dead.
Something hits you but does no damage.
The ogre hits you with a +0 giant spiked club!
You die...

##+#######
#.........
#.........
#.........
#..O...... #@#
#)# #o#########
#.........#P♣ ..
#.........≈≈≈
#.##........≈≈≈P
#!.#..(....≈≈≈P≈
#..........≈P≈P
#####
#.#.........≈≈≈


You could see an ogre and an orc.

Vanquished Creatures
  An orc priest (D:3)
  A worm (D:2)
  A dart slug (D:1)
  A leopard gecko (D:3)
  5 orcs (D:3)
  A ball python (D:1)
  2 giant cockroaches
  6 goblins (D:1)
  9 hobgoblins
  6 bats
  A frilled lizard (D:3)
  2 kobolds
  4 rats (D:1)
40 creatures vanquished.

Notes
Turn   | Place    | Note
-------+----------+-------------------------------------------
     0 | D:1      | silenth the Minotaur Fighter began the quest for the Orb.
     0 | D:1      | Reached XP level 1. HP: 19/19 MP: 0/0
   134 | D:1      | Reached skill level 3 in Maces & Flails
   140 | D:1      | Reached XP level 2. HP: 9/27 MP: 1/1
   597 | D:1      | Reached skill level 4 in Fighting
  1010 | D:2      | Reached XP level 3. HP: 26/33 MP: 2/2
  1045 | D:2      | Reached skill level 4 in Maces & Flails
  1081 | D:2      | You fall through a shaft!
  1153 | D:3      | Reached XP level 4. HP: 16/41 MP: 3/3
  1157 | D:3      | HP: 3/41 [something (5)]
  1169 | D:3      | Noticed an ogre
  1174 | D:3      | HP: 2/41 [ogre/+0 giant spiked club (3)]
  1175 | D:3      | Demolished by an ogre

Levels and vault maps discovered:
D:1:      evilmike_arrival_rings, layout_loops_ring, minmay_tetromino_o4
D:2:      layout_rooms, nicolae_overflow_hidden_temple, bloody_trog
D:3:      layout_basic, lemuel_coloured_pillars_altar, bloody_makhleb,
          old_standard_altar, serial_bayou_lagoon_b, uniq_ijyb, uniq_sigmund

Skill      XL: |  1  2  3 |
---------------+----------+-----
Maces & Flails | 3 4 |  4.7
Fighting       | 4 |  4.5
Armour         | |  3.6
Shields        | |  3.6

Action                   |  1- 3 |  4- 6 || total
-------------------------+-------+-------++-------
Melee: Flail             |    97 |     9 ||   106
       Headbutt          |    15 |       ||    15
  Use: Potion            |     2 |     1 ||     3
       Scroll            |       |     1 ||     1
Armor: Scale mail        |    73 |     7 ||    80
Dodge: Dodged            |    28 |     3 ||    31
Block: Shield            |    72 |     9 ||    81

Table legend:
 A = Non-vault XP
 B = Vault XP
 C = Vault XP percentage of total XP
 D = Non-vault monster count
 E = Vault monster count
 F = Vault count percentage of total count
                 A         B        C        D         E       F
            +---------+---------+-------+---------+---------+-------
      Total |     111 |       6 |   5.1 |      36 |       4 |  10.0
            +---------+---------+-------+---------+---------+-------
        D:1 |      34 |       6 |  15.0 |      20 |       4 |  16.7
        D:2 |      15 |       0 |   0.0 |       6 |       0 |   0.0
        D:3 |      62 |       0 |   0.0 |      10 |       0 |   0.0
            +---------+---------+-------+---------+---------+-------
